 Dungeon Crawl Stone Soup version 0.23.2-33-g5129a83184 (webtiles) character file.

Game seed: 6312071038151640180

5435 Ebilmort the Summoner (level 10, -17/56 HPs)
             Began as an Octopode Wizard on Aug 4, 2019.
             Was a High Priest of Vehumet.
             Demolished by an orc knight
             ... wielding a +0 broad axe
              (21 damage)
             ... in a bailey.
             The game lasted 01:24:56 (10276 turns).

Ebilmort the Summoner (Octopode Wizard)            Turns: 10276, Time: 01:24:56

Health: -17/56     AC:  1    Str:  5 (8)  XL:     10   Next: 68%
Magic:  3/21       EV: 13    Int: 21 (23) God:    Vehumet [*****.]
Gold:   345        SH:  0    Dex:  7 (10) Spells: 9/24 levels left

rFire    . . .     SeeInvis .   i - staff of conjuration
rCold    . . .     Gourm    .   (no shield)
rNeg     . . .     Faith    .   a - +0 hat
rPois    .         Spirit   .   (no amulet)
rElec    .         Reflect  .   (no ring)
rCorr    .         Harm     .   (no ring)
MR       .....                  (no ring)
Stlth    +++.......             (no ring)
HPRegen  0.18/turn              (no ring)
MPRegen  0.17/turn              (no ring)
                                (no ring)
                                (no ring)

@: studying Summonings
A: almost no armour, stealthy swim, amphibious, 8 rings, constrict 8, camouflage
1, gelatinous body 1
a: Renounce Religion


You were in a bailey.
You worshipped Vehumet.
Vehumet was extremely pleased with you.
You were hungry.

You visited 1 branch of the dungeon, and saw 8 of its levels.
You also visited: Ossuary and Bailey.

You collected 345 gold pieces.

Inventory:

Hand Weapons
 o - a +5 rapier of electrocution
 v - the cursed +2 great sword "Buatha Gowo" {flame, *Corrode rF+ rN+ MP+9}
   (You took it off an orc in a bailey)

   It has been specially enchanted to burn those struck by it, causing extra
   injury to most foes and up to half again as much damage against particularly
   susceptible opponents.
   Big, fiery blades are also staple armaments of hydra-hunters.
   It protects you from fire.
   It protects you from negative energy.
   It affects your magic capacity (+9).
   It may corrode you when you take damage.
   It has a curse placed upon it.
Armour
 a - a +0 hat (worn)
Magical Staves
 i - an uncursed staff of conjuration (weapon)
Wands
 p - a wand of iceblast (10)
 s - a wand of flame (10)
Scrolls
 g - 6 scrolls of identify
 l - a scroll of noise
 t - a scroll of remove curse
 w - a scroll of brand weapon {unknown}
 x - a scroll of acquirement {unknown}
 A - 2 scrolls of amnesia {unknown}
 B - 2 scrolls of enchant armour {unknown}
 C - a scroll of holy word {unknown}
 F - a scroll of magic mapping
Potions
 b - a potion of flight {unknown}
 e - a potion of invisibility {unknown}
 f - 5 potions of degeneration
 h - 3 potions of brilliance
 j - a potion of cancellation
 k - a potion of haste {unknown}
 n - a potion of mutation {unknown}
 q - a potion of curing {unknown}
 r - a potion of agility {unknown}
 u - a potion of ambrosia {unknown}
 z - a potion of might {unknown}
 D - a potion of magic {unknown}
Books
 m - a manual of Summonings
Comestibles
 c - 10 rations


   Skills:
 - Level 2.0 Dodging
 - Level 3.0 Stealth
 - Level 0.5 Unarmed Combat
 - Level 7.8 Spellcasting
 - Level 7.7 Conjurations
 * Level 12.4 Summonings
 - Level 1.0 Translocations
 - Level 6.0 Fire Magic


You had 9 spell levels left.
You knew the following spells:

 Your Spells              Type           Power        Failure   Level  Hunger
a - Magic Dart            Conj           ####         1%          1    None
b - Blink                 Tloc           N/A          9%          2    None
c - Call Imp              Summ           ######..     1%          2    None
d - Conjure Flame         Conj/Fire      ######..     1%          3    None
e - Mephitic Cloud        Conj/Pois/Air  ####....     2%          3    None
f - Sticky Flame          Conj/Fire      ######..     1%          4    ###....

Your spell library contained the following spells:

 Spells                   Type           Power        Failure   Level  Hunger
 Slow                     Hex            #.......     12%         2    None


Dungeon Overview and Level Annotations

Branches:
Dungeon (8/15)             Temple (0/1) D:6
   Lair: D:8-11

Altars:
Ashenzari
Dithmenos
Fedhas
Gozag
Hepliaklqana
Qazlal
Ru
Trog
Vehumet
Wu Jian
Zin
The Shining One

Annotations:
D:7 2 transporters, jesusflecha's ghost, novice GrBe


Innate Abilities, Weirdness & Mutations

You cannot wear most types of armour.
You are very stealthy in the water. (Stealth+)
You are amphibious.
You can wear up to eight rings at the same time.
You can use your tentacles to constrict eight enemies at once.
Your skin changes colour to match your surroundings (Stealth+).
Your rubbery body absorbs attacks. (AC +1, EV +1)


Message History

Press: ? - help, Shift-Dir - straight line, f/p - orc knight
Aim: an orc knight, wielding a +0 broad axe and wearing a +0 scale mail (severely wounded, covered in acid)
The bolt of acid hits the orc knight!
The orc knight is splashed with acid.
The acid corrodes the orc knight!
The orc knight is almost dead.
The now-empty wand crumbles to dust.
The orc knight hits you with a +0 broad axe!
* * * LOW HITPOINT WARNING * * *
Okay, then.
Okay, then.
You are feeling hungry.
A gnoll comes into view. It is wielding a +0 hand axe.
Evoke which item? (* to show all) (? for menu, Esc to quit)
Aiming: Iceblast
Press: ? - help, Shift-Dir - straight line, p - orc knight The mass of ice explodes!
The iceblast engulfs the orc knight!
The orc knight is almost dead.
The gnoll shouts!
You hear a shout! x4
The orc knight hits you with a +0 broad axe!!
You die...

#.....⌠.....#######
##.........##.....##
'.........)))..)..#
##.......##)......##
#.......#.........#
##.....##.........#
#######.....).....
##.....##........)#
#)@o..).#.........#
#......[##.......##
#.........#.......#
#.........##.....##
#...........####)##
##.........##..)))##
#g........#.......#
##.......##.......##
#.......#.........#


You could see an orc knight and a gnoll.

Vanquished Creatures
  A two-headed ogre (D:4)
  2 orc knights (Bailey)
  A hippogriff (D:7)
  Eustachio (D:4)
  Duvessa (D:4)
  A water moccasin (D:6)
  An ice beast (D:7)
  4 orc warriors (Bailey)
  2 sky beasts (D:6)
  A necrophage (D:7)
  5 ogres
  A phantom (D:7)
  5 centaurs
  4 bullfrogs
  A wyvern skeleton (D:7)
  2 scorpions
  Dowan (D:4)
  5 wights (D:7)
  A howler monkey (D:7)
  A crimson imp (D:5)
  A quasit (D:7)
  3 orc priests
  A bullfrog zombie (D:8)
  2 jellies
  4 hounds
  Ijyb (D:4)
  2 orc wizards
  4 worker ants
  5 big kobold zombies (Ossuary)
  A hound skeleton (D:6)
  2 mummies
  A worker ant zombie (D:7)
  Robin (D:2)
  4 adders
  10 gnolls
  2 shadow imps
  3 oozes
  2 adder zombies
  A worm zombie (D:6)
  5 worms
  2 dart slugs
  6 leopard geckos
  22 orcs
  7 spectral bats (Ossuary)
  2 ball pythons
  7 bats
  A giant cockroach (D:4)
  29 goblins
  20 hobgoblins
  2 jackals (D:3)
  4 kobolds
  4 quokkas
  6 bat simulacra (Ossuary)
  8 frilled lizards
  7 gnoll zombies (Ossuary)
  2 goblin simulacra (Ossuary)
  5 goblin zombies (Ossuary)
  6 hobgoblin zombies (Ossuary)
  3 kobold simulacra (Ossuary)
  5 kobold zombies (Ossuary)
  A leopard gecko skeleton (D:4)
  A leopard gecko zombie (D:7)
  2 orc zombies (Ossuary)
  9 rats
  3 rat simulacra (Ossuary)
  2 spectral goblins (Ossuary)
  3 spectral kobolds (Ossuary)
  4 spectral rats (Ossuary)
269 creatures vanquished.

Vanquished Creatures (collateral kills)
  An adder (D:2)
1 creature vanquished.

Vanquished Creatures (others)
  A bush (D:6)
  6 plants (D:7)
7 creatures vanquished.

Grand Total: 277 creatures vanquished

Notes
Turn   | Place    | Note
-------+----------+-------------------------------------------
     0 | D:1      | Ebilmort the Octopode Wizard began the quest for the Orb.
     0 | D:1      | Reached XP level 1. HP: 11/11 MP: 4/4
   376 | D:1      | You fall through a shaft!
   379 | D:2      | Reached XP level 2. HP: 9/17 MP: 1/6
   824 | D:2      | Found a radiant altar of Vehumet.
   838 | D:2      | Became a worshipper of Vehumet
   849 | D:2      | Reached XP level 3. HP: 21/21 MP: 0/8
  1282 | D:2      | Learned a level 2 spell: Blink
  1285 | D:2      | Learned a level 2 spell: Call Imp
  1289 | D:2      | Learned a level 3 spell: Conjure Flame
  1418 | D:2      | Found a faded altar of an unknown god.
  1859 | D:2      | Reached XP level 4. HP: 27/27 MP: 6/9
  1981 | D:2      | Noticed Robin
  2000 | D:2      | Found a hazy altar of Hepliaklqana.
  2014 | D:2      | Reached * piety under Vehumet
  2014 | D:2      | Offered knowledge of Freeze by Vehumet.
  2430 | D:2      | Found a stormy altar of Qazlal.
  2507 | D:2      | Killed Robin
  3048 | D:3      | Reached ** piety under Vehumet
  3048 | D:3      | Offered knowledge of Sting by Vehumet.
  3056 | D:3      | Reached XP level 5. HP: 20/31 MP: 4/11
  3119 | D:3      | Found a glowing golden altar of the Shining One.
  3194 | D:3      | Reached skill level 1 in Fire Magic
  3758 | D:4      | Noticed Eustachio
  3768 | D:4      | Learned a level 3 spell: Mephitic Cloud
  3987 | D:4      | Noticed a two-headed ogre
  4030 | D:4      | Killed a two-headed ogre
  4030 | D:4      | Reached skill level 5 in Spellcasting
  4030 | D:4      | Reached skill level 5 in Fire Magic
  4030 | D:4      | Reached XP level 6. HP: 22/36 MP: 5/14
  4030 | D:4      | Reached XP level 7. HP: 25/41 MP: 5/15
  4183 | D:4      | Reached XP level 8. HP: 16/46 MP: 7/16
  4494 | D:4      | Noticed Ijyb
  4565 | D:4      | Killed Ijyb
  4692 | D:4      | Noticed Duvessa
  4717 | D:4      | Noticed Dowan
  4730 | D:4      | Killed Dowan
  4825 | D:4      | Killed Eustachio
  4825 | D:4      | Reached skill level 5 in Conjurations
  4865 | D:4      | Found a radiant altar of Vehumet.
  4873 | D:4      | Found a shattered altar of Ashenzari.
  5003 | D:4      | Killed Duvessa
  5139 | D:5      | Entered Level 5 of the Dungeon
  5399 | D:5      | Offered knowledge of Stone Arrow by Vehumet.
  5541 | D:5      | Found a shadowy altar of Dithmenos.
  5597 | D:5      | Found a glowing silver altar of Zin.
  5977 | D:5      | Reached XP level 9. HP: 47/51 MP: 0/19
  6143 | D:6      | Found a blossoming altar of Fedhas.
  6378 | D:6      | Found an ornate altar of the Wu Jian Council.
  6409 | D:6      | Found a staircase to the Ecumenical Temple.
  6504 | D:6      | Found a sand-covered staircase.
  6515 | D:6      | Reached *** piety under Vehumet
  6521 | Ossuary  | Entered an ossuary
  6782 | Ossuary  | Offered knowledge of Inner Flame by Vehumet.
  6913 | Ossuary  | Reached **** piety under Vehumet
  6953 | Ossuary  | Offered knowledge of Irradiate by Vehumet.
  7408 | D:6      | Found a bloodstained altar of Trog.
  7927 | D:7      | Reached skill level 2 in Summonings
  8007 | D:7      | Reached skill level 3 in Summonings
  8200 | D:7      | Identified the +9 trident "Uchebun" {vamp, Int+4}
  8200 | D:7      | Identified the +3 ring mail of the Bagpipe {rPois}
  8206 | D:7      | Noticed jesusflecha's ghost (novice GrBe)
  8233 | D:7      | Found an opulent altar of Gozag.
  8288 | D:7      | Reached skill level 4 in Summonings
  8473 | D:7      | Reached skill level 5 in Summonings
  8785 | D:7      | Reached skill level 6 in Summonings
  8890 | D:7      | Reached skill level 7 in Summonings
  8895 | D:7      | Reached XP level 10. HP: 48/56 MP: 7/21
  9014 | D:7      | Reached skill level 8 in Summonings
  9078 | D:7      | Found a sacrificial altar of Ru.
  9118 | D:7      | Reached skill level 9 in Summonings
  9432 | D:7      | Found a transporter.
  9446 | D:7      | Found a transporter.
  9642 | D:8      | Reached ***** piety under Vehumet
  9642 | D:8      | Offered knowledge of Sticky Flame by Vehumet.
  9651 | D:8      | Learned a level 4 spell: Sticky Flame
  9698 | D:8      | Reached skill level 10 in Summonings
  9767 | D:8      | Found a flagged portal.
  9916 | Bailey   | Entered a bailey
 10179 | Bailey   | Noticed an orc knight
 10189 | Bailey   | Noticed an orc knight
 10191 | Bailey   | Noticed an orc warlord
 10191 | Bailey   | Killed an orc knight
 10191 | Bailey   | Reached skill level 11 in Summonings
 10194 | Bailey   | Noticed an orc knight
 10201 | Bailey   | Killed an orc knight
 10201 | Bailey   | Reached skill level 12 in Summonings
 10240 | Bailey   | Identified the cursed +2 great sword "Buatha Gowo" {flame,
                  | *Corrode rF+ rN+ MP+9}
 10254 | Bailey   | Noticed an orc knight
 10276 | Bailey   | Demolished by an orc knight

Skill      XL: |  1  2  3  4  5  6  7  8  9 10 |
---------------+-------------------------------+-----
Stealth        | 3 |  3.0
Conjurations   | 2 4 6 7 |  7.7
Spellcasting   | 4 5 6 7 |  7.8
Fire Magic     | 5 6 |  6.0
Summonings     | 7 12 | 12.4
Dodging        | |  2.0
Unarmed Combat | |  0.5
Translocations | |  1.0

Action                   |  1- 3 |  4- 6 |  7- 9 | 10-12 || total
-------------------------+-------+-------+-------+-------++-------
Melee: Unarmed           |    12 |    47 |     9 |       ||    68
       Constrict         |     4 |    14 |    13 |     7 ||    38
       Tentacles         |     2 |     4 |     7 |     4 ||    17
       Punch             |       |     1 |       |       ||     1
       Rapier            |       |       |    52 |    35 ||    87
 Cast: Magic Dart        |    98 |   123 |   402 |   143 ||   766
       Conjure Flame     |     1 |     9 |    43 |    13 ||    66
       Call Imp          |     1 |       |       |       ||     1
       Mephitic Cloud    |       |       |    10 |     9 ||    19
       Sticky Flame      |       |       |       |     3 ||     3
Evoke: Wand              |       |       |       |     6 ||     6
  Use: Scroll            |       |     4 |     4 |     5 ||    13
       Potion            |       |       |       |     5 ||     5
 Stab: Sleeping          |       |     1 |       |       ||     1
       Distracted        |       |       |     1 |       ||     1
       Confused          |       |       |       |     1 ||     1
  Eat: Chunk             |     3 |     3 |    10 |     3 ||    19
       Ration            |       |     1 |     2 |       ||     3
Armor: Skin              |     4 |    14 |     7 |     2 ||    27
Dodge: Dodged            |    14 |    59 |    62 |    21 ||   156
